[Event "GER-ch Youth ODJM 2019"]
[Site "Willingen"]
[Date "2019.06.09"]
[Round "1.1"]
[White "Holtel, Jasper"]
[Black "Kracht, Raphael"]
[Result "1-0"]
[ECO "C50"]
[WhiteElo "2273"]
[BlackElo "1976"]
[Annotator "NA RC"]
[PlyCount "57"]
[EventDate "2019.06.07"]
[EventType "swiss"]
[EventRounds "9"]
[EventCountry "GER"]
[SourceTitle "playchess.com"]
[Source "ChessBase"]
[SourceQuality "1"]
[TimeControl "40/5400+30:1800+30"]

1. e4 e5 2. Nf3 Nc6 3. Bc4 Bc5 4. O-O Nf6 5. d3 O-O 6. h3 d5 7. exd5 Nxd5 8. Re1 Bb6 9. Nbd2 f6 10. c3 Be6 11. d4 Qd7 12. dxe5 fxe5 13. Ne4 h6 14. Be3 Rad8 15. Bc5 Rf4 16. Bxb6 axb6 17. Qe2 Qf7 18. Rad1 g5 19. Nh2 Rf8 20. Ng4 Kg7 21. Nxe5 Nxe5 22. Nxg5 hxg5 23. Qxe5+ Qf6 24. Bxd5 Bxd5 25. Rxd5 Rxf2 26. Qxg5+ Qxg5 27. Rxg5+ Kh6 28. Rg4 Rxb2 29. Re6+ {[%emt 0:00:25] normal} 1-0

[Event "GER-ch Youth ODJM 2019"]
[Site "Willingen"]
[Date "2019.06.09"]
[Round "1.1"]
[White "Bardorz, Stefan"]
[Black "Petri, Ben-Luca"]
[Result "0-1"]
[ECO "B03"]
[WhiteElo "1646"]
[BlackElo "1895"]
[Annotator "NA"]
[PlyCount "34"]
[EventDate "2019.06.07"]
[EventType "swiss"]
[EventRounds "9"]
[EventCountry "GER"]
[SourceTitle "playchess.com"]
[Source "ChessBase"]
[SourceQuality "1"]
[TimeControl "40/5400+30:1800+30"]

1. e4 Nf6 2. e5 Nd5 3. d4 d6 4. c4 Nb6 5. exd6 cxd6 6. h3 g6 7. Nf3 Bg7 8. b3 O-O 9. Bb2 Nc6 10. Be2 e5 11. dxe5 dxe5 12. O-O Be6 13. Qxd8 Rfxd8 14. Nbd2 e4 15. Nxe4 Bxb2 16. Rab1 Bf5 17. Rxb2 Bxe4 {[%emt 0:00:07] normal} 0-1

[Event "GER-ch Youth ODJM 2019"]
[Site "Willingen"]
[Date "2019.06.09"]
[Round "1.2"]
[White "Nasoyan, Maksim"]
[Black "Terhuven, Patrick"]
[Result "0-1"]
[ECO "A04"]
[WhiteElo "1877"]
[BlackElo "2210"]
[Annotator "NA"]
[PlyCount "60"]
[EventDate "2019.06.07"]
[EventType "swiss"]
[EventRounds "9"]
[EventCountry "GER"]
[SourceTitle "playchess.com"]
[Source "ChessBase"]
[SourceQuality "1"]
[TimeControl "40/5400+30:1800+30"]

1. Nf3 c5 2. d4 cxd4 3. Nxd4 g6 4. g3 Bg7 5. c4 Nc6 6. Nc2 Nf6 7. Bg2 O-O 8. O-O d6 9. Nc3 Nd7 10. e4 Nc5 11. Be3 Be6 12. Qe2 Bxc3 13. bxc3 Ne5 14. f4 Bxc4 15. Qd2 Bxf1 16. Rxf1 Nc4 17. Qe2 Nxe3 18. Nxe3 e6 19. f5 exf5 20. exf5 Qg5 21. Rf4 Rae8 22. Qf3 Nd3 23. h4 Qe7 24. Nd5 Qe1+ 25. Kh2 Nxf4 26. Nf6+ Kg7 27. Qxf4 Kxf6 28. h5 Qe5 29. Qh4+ Kg7 30. f6+ Kh8 {[%emt 0:00:54] normal} 0-1

[Event "GER-ch Youth ODJM 2019"]
[Site "Willingen"]
[Date "2019.06.09"]
[Round "1.2"]
[White "Astner, Sebastian"]
[Black "Lohrmann, Tabea"]
[Result "1-0"]
[ECO "C54"]
[WhiteElo "1870"]
[BlackElo "1549"]
[Annotator "NA"]
[PlyCount "53"]
[EventDate "2019.06.07"]
[EventType "swiss"]
[EventRounds "9"]
[EventCountry "GER"]
[SourceTitle "playchess.com"]
[Source "ChessBase"]
[SourceQuality "1"]
[TimeControl "40/5400+30:1800+30"]

1. e4 e5 2. Nf3 Nc6 3. d4 exd4 4. Bc4 Bc5 5. c3 Nf6 6. cxd4 Bb4+ 7. Bd2 Bxd2+ 8. Nbxd2 d5 9. exd5 Nxd5 10. O-O O-O 11. Nb3 Nce7 12. Qd2 Qd6 13. Rfe1 c6 14. Nc5 b6 15. Ne4 Qf4 16. Bxd5 Nxd5 17. Qxf4 Nxf4 18. Ne5 Re8 19. Nd6 Re6 20. Ndxf7 Nd3 21. Nxd3 Kxf7 22. Ne5+ Kf6 23. Re3 c5 24. Rf3+ Kg5 25. h4+ Kxh4 26. Re1 h5 27. Rg3 {[%emt 0:01:21] normal} 1-0

[Event "GER-ch Youth ODJM 2019"]
[Site "Willingen"]
[Date "2019.06.09"]
[Round "1.3"]
[White "Oberhofer, Cedric"]
[Black "Weber, Jannis"]
[Result "1-0"]
[ECO "D70"]
[WhiteElo "2243"]
[BlackElo "1889"]
[Annotator "NA"]
[PlyCount "79"]
[EventDate "2019.06.07"]
[EventType "swiss"]
[EventRounds "9"]
[EventCountry "GER"]
[SourceTitle "playchess.com"]
[Source "ChessBase"]
[SourceQuality "1"]
[TimeControl "40/5400+30:1800+30"]

1. d4 Nf6 2. c4 g6 3. Nf3 Bg7 4. g3 c6 5. Bg2 d5 6. Qb3 dxc4 7. Qxc4 Be6 8. Qa4 Nbd7 9. O-O Nb6 10. Qd1 O-O 11. Nc3 h6 12. Qc2 Qc8 13. Rd1 Bh3 14. e4 Bxg2 15. Kxg2 Rd8 16. a4 Nbd7 17. e5 Nd5 18. e6 Nf8 19. exf7+ Kxf7 20. Ne5+ Bxe5 21. dxe5 g5 22. h4 Qe6 23. hxg5 hxg5 24. Ne4 Qxe5 25. Nxg5+ Ke8 26. Bd2 Nb4 27. Bxb4 Qxg5 28. f4 Qg4 29. Re1 Ng6 30. Kf2 Rd5 31. Qe2 Qh3 32. Rh1 Qf5 33. Rh8+ Kf7 34. Rxa8 Qh3 35. Rg1 c5 36. Bc3 Nxf4 37. gxf4 Qh4+ 38. Rg3 Qh2+ 39. Rg2 Qh4+ 40. Kg1 {[%emt 0:00:11] normal} 1-0

[Event "GER-ch Youth ODJM 2019"]
[Site "Willingen"]
[Date "2019.06.09"]
[Round "1.3"]
[White "Feidt, Jonas"]
[Black "Matthes, Benjamin"]
[Result "0-1"]
[ECO "A13"]
[WhiteElo "1622"]
[BlackElo "1737"]
[Annotator "NA"]
[PlyCount "45"]
[EventDate "2019.06.07"]
[EventType "swiss"]
[EventRounds "9"]
[EventCountry "GER"]
[SourceTitle "playchess.com"]
[Source "ChessBase"]
[SourceQuality "1"]
[TimeControl "40/5400+30:1800+30"]

1. c4 e6 2. g3 d5 3. Bg2 Nf6 4. Nf3 c5 5. cxd5 exd5 6. d4 Nc6 7. Nc3 c4 8. O-O Be7 9. b3 cxb3 10. Qxb3 O-O 11. Bg5 Na5 12. Qc2 Be6 13. Ne5 Rc8 14. Qd3 h6 15. Bd2 Nc6 16. Nxc6 Rxc6 17. Rfc1 Qd7 18. f3 Rd8 19. e3 Bf5 20. Qe2 Ba3 21. e4 Bxc1 22. Rxc1 dxe4 23. Nb1 {normal} 0-1

[Event "GER-ch Youth ODJM 2019"]
[Site "Willingen"]
[Date "2019.06.09"]
[Round "1.4"]
[White "Kreutz, Jonas"]
[Black "Kardoeus, David"]
[Result "1/2-1/2"]
[ECO "B31"]
[WhiteElo "1970"]
[BlackElo "2202"]
[Annotator "NA"]
[PlyCount "55"]
[EventDate "2019.06.07"]
[EventType "swiss"]
[EventRounds "9"]
[EventCountry "GER"]
[SourceTitle "playchess.com"]
[Source "ChessBase"]
[SourceQuality "1"]
[TimeControl "40/5400+30:1800+30"]

1. e4 c5 2. Nf3 Nc6 3. Bb5 g6 4. Bxc6 dxc6 5. c3 Qd3 6. Qe2 Qxe2+ 7. Kxe2 Nf6 8. e5 Nd5 9. d3 Bg7 10. Re1 Bf5 11. a3 O-O-O 12. c4 Nb4 13. axb4 Bxd3+ 14. Ke3 Bh6+ 15. Ng5 f6 16. Rxa7 Bxb1 17. exf6 Bxg5+ 18. Kf3 Bxc1 19. Rxe7 Rd3+ 20. Ke2 Bf4 21. f7 Bc7 22. b5 cxb5 23. cxb5 Rd5 24. Ra8+ Bb8 25. b6 Bd3+ 26. Ke3 Rd7 27. Re8+ Rd8 28. Re7 {[%emt 0:00:22] normal} 1/2-1/2

[Event "GER-ch Youth ODJM 2019"]
[Site "Willingen"]
[Date "2019.06.09"]
[Round "1.4"]
[White "Bilecen, Simon"]
[Black "Diegel, Yannick"]
[Result "0-1"]
[ECO "D00"]
[WhiteElo "1669"]
[BlackElo "1411"]
[Annotator "NA"]
[PlyCount "58"]
[EventDate "2019.06.07"]
[EventType "swiss"]
[EventRounds "9"]
[EventCountry "GER"]
[SourceTitle "playchess.com"]
[Source "ChessBase"]
[SourceQuality "1"]
[TimeControl "40/5400+30:1800+30"]

1. d4 d5 2. Bf4 Nf6 3. e3 Bf5 4. Nd2 e6 5. Ngf3 Nbd7 6. Be2 Be7 7. h3 h6 8. O-O O-O 9. c4 c5 10. Rc1 cxd4 11. Nxd4 Bh7 12. N2f3 Rc8 13. Nb5 Qb6 14. b3 a6 15. Nbd4 Ba3 16. Rc3 Bb2 17. Rc2 Bxc2 18. Nxc2 Ne4 19. Nd2 Nc3 20. Qe1 Nxe2+ 21. Qxe2 Be5 22. Bxe5 Nxe5 23. Nd4 dxc4 24. bxc4 Qb2 25. Qh5 Qxa2 26. Ne4 Nd7 27. Nd6 Rc5 28. Qg4 Rg5 29. Qf4 e5 {normal} 0-1

[Event "GER-ch Youth ODJM 2019"]
[Site "Willingen"]
[Date "2019.06.09"]
[Round "1.6"]
[White "Bartelt, Max Peter"]
[Black "Hungeling, David"]
[Result "1-0"]
[ECO "A40"]
[WhiteElo "1789"]
[BlackElo "1566"]
[Annotator "NA"]
[PlyCount "65"]
[EventDate "2019.06.07"]
[EventType "swiss"]
[EventRounds "9"]
[EventCountry "GER"]
[SourceTitle "playchess.com"]
[Source "ChessBase"]
[SourceQuality "1"]
[TimeControl "40/5400+30:1800+30"]

1. d4 e6 2. Nf3 Nf6 3. g3 b6 4. Bg2 Bb7 5. O-O c5 6. c4 d5 7. Nc3 dxc4 8. Qa4+ Qd7 9. Qxc4 Nc6 10. Rd1 Na5 11. Qd3 cxd4 12. Nxd4 Bxg2 13. Kxg2 Qb7+ 14. Kg1 Rd8 15. Be3 Nd5 16. Bg5 Nxc3 17. Qxc3 Rc8 18. Qd3 Be7 19. Qb5+ Kf8 20. Nxe6+ fxe6 21. Rd7 Qc6 22. Bxe7+ Ke8 23. Qe5 Qxd7 24. Qxg7 Qxe7 25. Qxh8+ Kd7 26. Rd1+ Kc7 27. Rc1+ Nc6 28. Rxc6+ Kxc6 29. Qxc8+ Kb5 30. b3 Ka5 31. Qc4 Qa3 32. Qxe6 Qxa2 33. b4+ {[%emt 0:00:04] normal} 1-0

[Event "GER-ch Youth ODJM 2019"]
[Site "Willingen"]
[Date "2019.06.09"]
[Round "1.7"]
[White "Weber, Samuel"]
[Black "Meiwes, Thore"]
[Result "1-0"]
[ECO "B30"]
[WhiteElo "2160"]
[BlackElo "1933"]
[Annotator "NA"]
[PlyCount "55"]
[EventDate "2019.06.07"]
[EventType "swiss"]
[EventRounds "9"]
[EventCountry "GER"]
[SourceTitle "playchess.com"]
[Source "ChessBase"]
[SourceQuality "1"]
[TimeControl "40/5400+30:1800+30"]

1. e4 c5 2. Nf3 Nc6 3. b3 d6 4. Bb2 e5 5. Bb5 Nf6 6. Bxc6+ bxc6 7. d3 Be7 8. Nbd2 O-O 9. h3 Ne8 10. Nc4 f6 11. Ne3 d5 12. Nd2 Nc7 13. Qf3 Be6 14. Nf5 Qd7 15. Nxe7+ Qxe7 16. Qe3 d4 17. Qg3 Kh8 18. O-O g5 19. f3 Bd7 20. Qh2 Ne6 21. g3 Rg8 22. Rf2 Rg6 23. Kf1 Rh6 24. Qh1 Ng7 25. Rh2 Qe6 26. Ke2 f5 27. exf5 Nxf5 28. Ne4 {[%emt 0:00:04] normal} 1-0

[Event "GER-ch Youth ODJM 2019"]
[Site "Willingen"]
[Date "2019.06.09"]
[Round "1.7"]
[White "Aumueller, Naum"]
[Black "Grossmann, Piet"]
[Result "0-1"]
[ECO "C01"]
[WhiteElo "1685"]
[BlackElo "1801"]
[Annotator "NA"]
[PlyCount "59"]
[EventDate "2019.06.07"]
[EventType "swiss"]
[EventRounds "9"]
[EventCountry "GER"]
[SourceTitle "playchess.com"]
[Source "ChessBase"]
[SourceQuality "1"]
[TimeControl "40/5400+30:1800+30"]

1. e4 e6 2. d4 d5 3. exd5 exd5 4. Bd3 Bd6 5. Nf3 Ne7 6. O-O O-O 7. h3 Bf5 8. Bg5 Bxd3 9. Qxd3 c6 10. Nbd2 f6 11. Bh4 Qd7 12. Bg3 Bxg3 13. fxg3 Nf5 14. g4 Nd6 15. g5 Qf5 16. Qxf5 Nxf5 17. gxf6 Rxf6 18. Rae1 Nd7 19. c3 Rff8 20. g4 Nd6 21. Ne5 Nxe5 22. Rxe5 Rxf1+ 23. Kxf1 Kf7 24. Ke2 Re8 25. Rxe8 Nxe8 26. Ke3 Ke6 27. Kf4 h6 28. h4 Kf6 29. h5 Nd6 30. a4 {[%emt 0:01:56] normal} 0-1

[Event "GER-ch Youth ODJM 2019"]
[Site "Willingen"]
[Date "2019.06.09"]
[Round "1.8"]
[White "Kesselmeier, Kevin"]
[Black "Schimnatkowski, Lukas"]
[Result "0-1"]
[ECO "B42"]
[WhiteElo "1937"]
[BlackElo "2139"]
[Annotator "NA"]
[PlyCount "70"]
[EventDate "2019.06.07"]
[EventType "swiss"]
[EventRounds "9"]
[EventCountry "GER"]
[SourceTitle "playchess.com"]
[Source "ChessBase"]
[SourceQuality "1"]
[TimeControl "40/5400+30:1800+30"]

1. e4 c5 2. Nf3 e6 3. d4 cxd4 4. Nxd4 a6 5. Bd3 Nf6 6. Nc3 d6 7. Be3 Be7 8. O-O Nbd7 9. f4 Qc7 10. a4 b6 11. Qf3 Bb7 12. Rae1 O-O 13. Qh3 Nc5 14. Kh1 Nxd3 15. cxd3 Rfe8 16. g3 Bf8 17. f5 Nd7 18. g4 exf5 19. Nxf5 Ne5 20. Bd4 Rad8 21. Qe3 Qb8 22. Bxb6 Rc8 23. Re2 d5 24. Bd4 dxe4 25. Nxe4 Rcd8 26. Kg1 Kh8 27. Qg3 Rxd4 28. Nxd4 Qa7 29. Qe3 Nxg4 30. Qf4 Qxd4+ 31. Kg2 Ne5 32. Qh4 Kg8 33. Qf4 Qd5 34. Kg1 Nxd3 35. Qxf7+ Qxf7 {[%emt 0:00:11] normal} 0-1

[Event "GER-ch Youth ODJM 2019"]
[Site "Willingen"]
[Date "2019.06.09"]
[Round "1.8"]
[White "Werner, Tom"]
[Black "Rempe, Janne"]
[Result "1-0"]
[ECO "A10"]
[WhiteElo "1772"]
[BlackElo "1720"]
[Annotator "NA"]
[PlyCount "66"]
[EventDate "2019.06.07"]
[EventType "swiss"]
[EventRounds "9"]
[EventCountry "GER"]
[SourceTitle "playchess.com"]
[Source "ChessBase"]
[SourceQuality "1"]
[TimeControl "40/5400+30:1800+30"]

1. c4 d6 2. Nc3 Nf6 3. d4 Nbd7 4. e4 e5 5. Nf3 Be7 6. Be2 O-O 7. O-O c6 8. Qc2 Re8 9. a3 a5 10. Rd1 Qc7 11. h3 Nf8 12. Be3 Ng6 13. dxe5 dxe5 14. Rd2 Bd7 15. Rad1 Rad8 16. Na4 Nf4 17. Bb6 Qc8 18. Bxa5 c5 19. Bxd8 Rxd8 20. Nc3 Qb8 21. Bf1 h6 22. Ne2 Ne6 23. Ng3 g5 24. Nf5 Bf8 25. b3 h5 26. Be2 g4 27. hxg4 hxg4 28. Nh2 Nd4 29. Nxd4 exd4 30. Qd3 Bd6 31. Nf1 Bc6 32. Ng3 Re8 33. Bf1 Nxe4 {[%emt 0:03:44] normal} 1-0

[Event "GER-ch Youth ODJM 2019"]
[Site "Willingen"]
[Date "2019.06.09"]
[Round "1.9"]
[White "Ronge, Tim Hendrick"]
[Black "Bosselmann, Tom Linus"]
[Result "1/2-1/2"]
[ECO "A49"]
[WhiteElo "2143"]
[BlackElo "1963"]
[Annotator "NA"]
[PlyCount "112"]
[EventDate "2019.06.07"]
[EventType "swiss"]
[EventRounds "9"]
[EventCountry "GER"]
[SourceTitle "playchess.com"]
[Source "ChessBase"]
[SourceQuality "1"]
[TimeControl "40/5400+30:1800+30"]

1. d4 Nf6 2. Nf3 g6 3. g3 Bg7 4. Bg2 O-O 5. O-O d6 6. b3 Nbd7 7. Bb2 Qe8 8. Re1 e5 9. dxe5 dxe5 10. e4 Qe7 11. Nc3 c6 12. a4 Rd8 13. Qe2 Nf8 14. Ba3 Qc7 15. h3 Ne6 16. Qc4 b6 17. Rad1 Bb7 18. Rxd8+ Rxd8 19. Rd1 Rxd1+ 20. Nxd1 Nd7 21. c3 Ndc5 22. b4 Nxa4 23. Qb3 b5 24. Bc1 Nb6 25. Be3 a6 26. Nd2 c5 27. bxc5 Na4 28. c4 Naxc5 29. Qb4 Bf8 30. Qb1 b4 31. Qxb4 Nxe4 32. Qb1 Nxd2 33. Qxb7 Qxb7 34. Bxb7 Nxc4 35. Bxa6 Nxe3 36. Nxe3 Bc5 37. Ng4 Bd4 38. Bc4 Nd8 39. Bd5 Kg7 40. Nh2 h6 41. Kg2 f5 42. h4 Kf6 43. f3 Ne6 44. Nf1 Nc5 45. Nd2 Nd3 46. Kf1 Nb4 47. Bb7 Nc2 48. Ke2 Ne3 49. Nf1 Nc4 50. Bd5 Nd6 51. Nd2 f4 52. g4 h5 53. gxh5 gxh5 54. Ne4+ Nxe4 55. Bxe4 Bc5 56. Kf1 Kg7 {[%emt 0:00:00] normal} 1/2-1/2

[Event "GER-ch Youth ODJM 2019"]
[Site "Willingen"]
[Date "2019.06.09"]
[Round "1.10"]
[White "Bajorski, Marius"]
[Black "Tscheuschner, Georg"]
[Result "0-1"]
[ECO "B51"]
[WhiteElo "1967"]
[BlackElo "2113"]
[Annotator "NA"]
[PlyCount "80"]
[EventDate "2019.06.07"]
[EventType "swiss"]
[EventRounds "9"]
[EventCountry "GER"]
[SourceTitle "playchess.com"]
[Source "ChessBase"]
[SourceQuality "1"]
[TimeControl "40/5400+30:1800+30"]

1. e4 c5 2. Nf3 d6 3. Bb5+ Nd7 4. O-O a6 5. Bd3 Ngf6 6. c3 b5 7. Bc2 e6 8. d4 Bb7 9. Re1 Be7 10. b3 Qc7 11. Bb2 Rc8 12. Bd3 c4 13. bxc4 bxc4 14. Bc2 O-O 15. Ba3 Rfe8 16. Nbd2 e5 17. d5 Nb6 18. Nf1 a5 19. Rb1 Ba6 20. Ne3 g6 21. Nxe5 dxe5 22. Bxe7 Nbxd5 23. exd5 Qxe7 24. Rb6 Ra8 25. Ba4 Red8 26. Qf3 Rd6 27. Bc6 Qc7 28. Reb1 Nd7 29. R6b2 Rf8 30. Ng4 f5 31. Ne3 e4 32. Qd1 Ne5 33. Rb7 Bxb7 34. Rxb7 Qd8 35. Qd4 Qf6 36. Nxc4 Nxc6 37. Qxf6 Rdxf6 38. dxc6 Rxc6 39. Nxa5 Rxc3 40. Nb3 Ra8 {normal} 0-1

[Event "GER-ch Youth ODJM 2019"]
[Site "Willingen"]
[Date "2019.06.09"]
[Round "1.11"]
[White "Wanner, Lukas"]
[Black "Bender, Felix"]
[Result "1-0"]
[ECO "A20"]
[WhiteElo "2099"]
[BlackElo "1678"]
[Annotator "NA"]
[PlyCount "47"]
[EventDate "2019.06.07"]
[EventType "swiss"]
[EventRounds "9"]
[EventCountry "GER"]
[SourceTitle "playchess.com"]
[Source "ChessBase"]
[SourceQuality "1"]
[TimeControl "40/5400+30:1800+30"]

1. c4 e5 2. g3 Nf6 3. Bg2 d5 4. cxd5 Nxd5 5. Nc3 Nb6 6. Nf3 Nc6 7. d3 Be7 8. Be3 O-O 9. O-O Be6 10. a3 f5 11. b4 f4 12. Bc5 Bd6 13. Rc1 a5 14. Bxd6 cxd6 15. b5 Nd4 16. Nxd4 exd4 17. Ne4 a4 18. Qd2 fxg3 19. hxg3 Qd7 20. Qb4 Nd5 21. Qxd4 Qxb5 22. Rb1 Qa5 23. Rxb7 Rab8 24. Qxg7# {[%emt 0:00:15] normal} 1-0

[Event "GER-ch Youth ODJM 2019"]
[Site "Willingen"]
[Date "2019.06.09"]
[Round "1.12"]
[White "Weimert, Miriam"]
[Black "Hartmann, Jakob"]
[Result "0-1"]
[ECO "C56"]
[WhiteElo "1903"]
[BlackElo "2144"]
[Annotator "NA"]
[PlyCount "88"]
[EventDate "2019.06.07"]
[EventType "swiss"]
[EventRounds "9"]
[EventCountry "GER"]
[SourceTitle "playchess.com"]
[Source "ChessBase"]
[SourceQuality "1"]
[TimeControl "40/5400+30:1800+30"]

1. e4 e5 2. Nf3 Nc6 3. d4 exd4 4. Bc4 Nf6 5. O-O Nxe4 6. Re1 d5 7. Bxd5 Qxd5 8. Nc3 Qa5 9. Nxe4 Be6 10. Neg5 O-O-O 11. Nxe6 fxe6 12. Rxe6 Be7 13. Qe2 Bf6 14. Qe4 h5 15. Bd2 Qd5 16. a3 d3 17. c3 Na5 18. Be3 Nc4 19. Nd2 Nxe3 20. fxe3 Qd7 21. Rd1 Rhe8 22. Rxe8 Rxe8 23. Qf3 Qb5 24. Ne4 Qxb2 25. Nxf6 gxf6 26. Qf5+ Kb8 27. Qxd3 a6 28. Rf1 Qxa3 29. Rxf6 Qe7 30. Rf3 a5 31. Qb5 Qe5 32. Qa4 b6 33. Qc6 Qe4 34. Qb5 h4 35. h3 Kb7 36. c4 Re5 37. Qb3 Rg5 38. Kh2 Qe5+ 39. Kg1 Qe4 40. Kh2 Qe5+ 41. Kg1 Rg3 42. Qd1 a4 43. Rf1 Qxe3+ 44. Kh1 Qe4 {[%emt 0:01:10] normal} 0-1

[Event "GER-ch Youth ODJM 2019"]
[Site "Willingen"]
[Date "2019.06.09"]
[Round "1.13"]
[White "Ortmeier, Leonhard"]
[Black "Gallasch, Robin"]
[Result "1/2-1/2"]
[ECO "A09"]
[WhiteElo "2140"]
[BlackElo "1889"]
[Annotator "NA"]
[PlyCount "102"]
[EventDate "2019.06.07"]
[EventType "swiss"]
[EventRounds "9"]
[EventCountry "GER"]
[SourceTitle "playchess.com"]
[Source "ChessBase"]
[SourceQuality "1"]
[TimeControl "40/5400+30:1800+30"]

1. Nf3 d5 2. c4 d4 3. b4 e6 4. Bb2 c5 5. d3 Nf6 6. g3 Bd6 7. Bg2 Nc6 8. bxc5 Bxc5 9. Nbd2 O-O 10. O-O e5 11. Nb3 Be7 12. Rc1 a5 13. Nbd2 Nd7 14. Ne1 Nc5 15. Nc2 Re8 16. Ba3 Ne6 17. Rb1 Bxa3 18. Nxa3 f5 19. Nb5 a4 20. Qc1 Qe7 21. Qa3 Nc5 22. Nc7 Qxc7 23. Qxc5 Qe7 24. Qxe7 Rxe7 25. Rb5 Kf7 26. Rfb1 Kf6 27. Rb6 Re6 28. Bd5 Rd6 29. f4 exf4 30. gxf4 Ke7 31. Nf3 Kd7 32. Bxc6+ bxc6 33. Ne5+ Kc7 34. c5 Re6 35. R6b4 Ra5 36. Rc1 g5 37. Kf2 gxf4 38. Nf3 Rh6 39. Rxd4 Be6 40. Rd6 Rg6 41. Ne5 Rxc5 42. Rxe6 Rxc1 43. Nxg6 hxg6 44. Rxg6 Rh1 45. Rh6 Ra1 46. h4 Rxa2 47. Rh7+ Kd6 48. h5 Ra1 49. h6 Rh1 50. Ra7 Rxh6 51. Rxa4 Re6 {[%emt 0:01:14] normal} 1/2-1/2

[Event "GER-ch Youth ODJM 2019"]
[Site "Willingen"]
[Date "2019.06.09"]
[Round "1.14"]
[White "Kemper, Yannick"]
[Black "Stelmaszyk, Nico"]
[Result "0-1"]
[ECO "B45"]
[WhiteElo "1856"]
[BlackElo "2174"]
[Annotator "NA"]
[PlyCount "110"]
[EventDate "2019.06.07"]
[EventType "swiss"]
[EventRounds "9"]
[EventCountry "GER"]
[SourceTitle "playchess.com"]
[Source "ChessBase"]
[SourceQuality "1"]
[TimeControl "40/5400+30:1800+30"]

1. e4 c5 2. Nf3 e6 3. d4 cxd4 4. Nxd4 Nc6 5. Nc3 Nf6 6. Ndb5 d6 7. Bf4 e5 8. Bg5 a6 9. Bxf6 gxf6 10. Na3 b5 11. Nd5 Bg7 12. Bd3 Be6 13. c3 f5 14. Nxb5 axb5 15. Bxb5 Bd7 16. exf5 O-O 17. O-O e4 18. Re1 Re8 19. a4 Nb8 20. Qg4 Re5 21. Bxd7 Nxd7 22. f6 Nxf6 23. Nxf6+ Qxf6 24. Rxe4 Rg5 25. Qe2 d5 26. Re8+ Rxe8 27. Qxe8+ Bf8 28. a5 Qf3 29. g3 Rf5 30. Qe3 Qxe3 31. fxe3 Bc5 32. Re1 Rf3 33. Kg2 Rxe3 34. Rxe3 Bxe3 35. Kf3 Ba7 36. b4 Kf8 37. b5 Bc5 38. b6 Ke7 39. Kf4 Kf6 40. h4 Bd6+ 41. Kg4 Bc5 42. Kh5 Ke5 43. Kh6 Kd6 44. h5 Be3+ 45. Kxh7 Bd2 46. a6 Kc6 47. b7 Kc7 48. g4 Bxc3 49. g5 d4 50. Kg7 d3+ 51. Kxf7 d2 52. g6 d1=Q 53. h6 Qd7+ 54. Kg8 Qe8+ 55. Kh7 Qh8# {[%emt 0:00:00] normal} 0-1

[Event "GER-ch Youth ODJM 2019"]
[Site "Willingen"]
[Date "2019.06.09"]
[Round "1.15"]
[White "Dietz, Florian"]
[Black "Matthes, Aaron"]
[Result "1-0"]
[ECO "C07"]
[WhiteElo "2139"]
[BlackElo "1791"]
[Annotator "NA"]
[PlyCount "50"]
[EventDate "2019.06.07"]
[EventType "swiss"]
[EventRounds "9"]
[EventCountry "GER"]
[SourceTitle "playchess.com"]
[Source "ChessBase"]
[SourceQuality "1"]
[TimeControl "40/5400+30:1800+30"]

1. e4 e6 2. d4 d5 3. Nd2 c5 4. exd5 Qxd5 5. Ngf3 cxd4 6. Bc4 Qd7 7. O-O Nc6 8. Nb3 Nf6 9. Nbxd4 Nxd4 10. Nxd4 a6 11. a4 Bc5 12. Nb3 Qxd1 13. Rxd1 Ba7 14. Bf4 Ne4 15. Rf1 Bd7 16. Bd3 Nc5 17. Nxc5 Bxc5 18. c3 Rc8 19. Rfd1 Bc6 20. b4 Be7 21. b5 Bd5 22. c4 Bxc4 23. Rac1 axb5 24. axb5 e5 25. Bxe5 f6 {[%emt 0:03:32] normal} 1-0

[Event "GER-ch Youth ODJM 2019"]
[Site "Willingen"]
[Date "2019.06.09"]
[Round "1.16"]
[White "Gluma, Christian"]
[Black "Stemmler, Fabian"]
[Result "1/2-1/2"]
[ECO "C54"]
[WhiteElo "1741"]
[BlackElo "2014"]
[Annotator "NA"]
[PlyCount "58"]
[EventDate "2019.06.07"]
[EventType "swiss"]
[EventRounds "9"]
[EventCountry "GER"]
[SourceTitle "playchess.com"]
[Source "ChessBase"]
[SourceQuality "1"]
[TimeControl "40/5400+30:1800+30"]

1. e4 e5 2. Nf3 Nc6 3. Bc4 Bc5 4. c3 Nf6 5. d4 exd4 6. O-O d5 7. exd5 Nxd5 8. cxd4 Be7 9. Bxd5 Qxd5 10. Nc3 Qd8 11. d5 Nb8 12. Bf4 O-O 13. Nb5 Na6 14. Rc1 c6 15. d6 Bf6 16. Nc7 Nxc7 17. dxc7 Qxd1 18. Rcxd1 Be6 19. b3 Rac8 20. Nd4 Bxd4 21. Rxd4 f6 22. Re1 Bd5 23. Rd2 Rfe8 24. Rde2 Rxe2 25. Rxe2 Kf7 26. Bd6 Be6 27. f4 Re8 28. h3 h5 29. Kf2 Bf5 {[%emt 0:00:20] normal} 1/2-1/2

[Event "GER-ch Youth ODJM 2019"]
[Site "Willingen"]
[Date "2019.06.09"]
[Round "2.1"]
[White "Petri, Ben-Luca"]
[Black "Schmied, Elias"]
[Result "1-0"]
[ECO "C10"]
[WhiteElo "1895"]
[BlackElo "1669"]
[Annotator "NA"]
[PlyCount "37"]
[EventDate "2019.06.07"]
[EventType "swiss"]
[EventRounds "9"]
[EventCountry "GER"]
[SourceTitle "playchess.com"]
[Source "ChessBase"]
[SourceQuality "1"]
[TimeControl "40/5400+30:1800+30"]

1. e4 e6 2. d4 d5 3. Nd2 dxe4 4. Nxe4 Bd7 5. Nf3 Bc6 6. Bd3 Be7 7. O-O Nf6 8. Nxf6+ Bxf6 9. c3 Nd7 10. Qe2 O-O 11. Bf4 b6 12. Rad1 Bb7 13. Rfe1 Qc8 14. Ne5 g6 15. Ng4 Bg7 16. Bh6 c5 17. Bxg7 Kxg7 18. Bb5 Bc6 19. dxc5 {[%emt 0:02:49] normal} 1-0

[Event "GER-ch Youth ODJM 2019"]
[Site "Willingen"]
[Date "2019.06.09"]
[Round "2.2"]
[White "Terhuven, Patrick"]
[Black "Wachinger, David"]
[Result "1-0"]
[ECO "A48"]
[WhiteElo "2210"]
[BlackElo "2066"]
[Annotator "NA"]
[PlyCount "25"]
[EventDate "2019.06.07"]
[EventType "swiss"]
[EventRounds "9"]
[EventCountry "GER"]
[SourceTitle "playchess.com"]
[Source "ChessBase"]
[SourceQuality "1"]
[TimeControl "40/5400+30:1800+30"]

1. d4 Nf6 2. Nf3 g6 3. c4 Bg7 4. g3 O-O 5. Bg2 c5 6. O-O cxd4 7. Nxd4 d5 8. cxd5 Nxd5 9. Nc3 Nxc3 10. bxc3 Qc7 11. Rb1 Nc6 12. Nxc6 bxc6 13. Qa4 {[%emt 0:02:17] normal} 1-0

[Event "GER-ch Youth ODJM 2019"]
[Site "Willingen"]
[Date "2019.06.09"]
[Round "2.3"]
[White "Doll, Alexander"]
[Black "Oberhofer, Cedric"]
[Result "1-0"]
[ECO "B90"]
[WhiteElo "1991"]
[BlackElo "2243"]
[Annotator "NA"]
[PlyCount "30"]
[EventDate "2019.06.07"]
[EventType "swiss"]
[EventRounds "9"]
[EventCountry "GER"]
[SourceTitle "playchess.com"]
[Source "ChessBase"]
[SourceQuality "1"]
[TimeControl "40/5400+30:1800+30"]

1. e4 c5 2. Nf3 d6 3. d4 cxd4 4. Nxd4 Nf6 5. Nc3 a6 6. Be3 e5 7. Nb3 Be6 8. f3 Be7 9. Qd2 O-O 10. O-O-O a5 11. a4 Nc6 12. Kb1 Nb4 13. g4 Rc8 14. h4 Nd7 15. Qf2 Qc7 {[%emt 0:07:27] normal} 1-0